 Dungeon Crawl Stone Soup version 0.29-a0-323-g050149af67 (webtiles) character file.

Game seed: 6316835060094004676

58 spaghetti the Cudgeller (level 3, 0/43 HPs)
             Began as a Demonspawn Berserker on Apr 10, 2022.
             Was a Believer of Trog.
             Slain by a gnoll
             ... wielding a +0 whip
              (1 damage)
             ... on level 3 of the Dungeon.
             The game lasted 00:02:46 (1782 turns).

spaghetti the Cudgeller (Demonspawn Berserker)      Turns: 1782, Time: 00:02:46

Health: 0/43       AC: 21    Str: 19    XL:     3   Next: 75%
Magic:  3/3        EV:  2    Int:  8    God:    Trog [**....]
Gold:   116        SH:  0    Dex: 12    Spells: 2/2 levels left

rFire   . . .      SeeInvis .   a - +0 mace {mace}
rCold   . . .      Faith    .   (no shield)
rNeg    . . .      Spirit   .   (body armour currently unavailable)
rPois   +          Reflect  .   (helmet currently unavailable)
rElec   .          Harm     .   (cloak currently unavailable)
rCorr   .          Rampage  .   (gloves currently unavailable)
Will    +....      NoTele   +   (boots currently unavailable)
Stlth   +.........              (no amulet)
HPRegen 0.14/turn               p - ring of willpower
MPRegen 0.08/turn               (no ring)

@: tree-form
A: stationary, stasis, torment immunity, boosted hp, powered by pain 1
a: Renounce Religion, Berserk, Trog's Hand


You were on level 3 of the Dungeon.
You worshipped Trog.
Trog was pleased with you.
You were a tree.
You visited 1 branch of the dungeon, and saw 3 of its levels.

You collected 116 gold pieces.


Innate Abilities, Weirdness & Mutations

You are a tree.
Your roots penetrate the ground, keeping you stationary.
You cannot be teleported.
You are immune to unholy pain and torment.
Your maximum health is greatly increased.
Your equipment is partially melded.
You sometimes gain a little power by taking damage.


   Skills:
 - Level 3.0 Fighting
 + Level 4.3 Maces & Flails
 - Level 1.7 Armour
 - Level 1.7 Dodging


You had 2 spell levels left.
You didn't know any spells.
Your spell library was empty.

Inventory:

Hand Weapons
 a - a +0 mace (weapon) {mace}
Missiles
 c - 96 stones (quivered) {throwing}
 d - 3 boomerangs {throwing}
 n - 4 poisoned darts {throwing}
Armour
 b - a +0 animal skin
 k - a +0 chain mail (melded)
   (You found it on level 1 of the Dungeon)
 l - a +2 pair of gloves (melded)
   (You found it on level 1 of the Dungeon)
Jewellery
 i - a ring of protection from cold
   (You found it on level 2 of the Dungeon)
 p - a ring of willpower (left branch)
   (You found it on level 3 of the Dungeon)
Scrolls
 e - 4 scrolls of identify {unknown}
 f - a scroll of amnesia {unknown}
 g - a scroll of fear {unknown}
 m - a scroll of teleportation {unknown}
 o - a scroll of torment {unknown}
Potions
 j - a potion of curing {@q1}

Dungeon Overview and Level Annotations

Branches:
Dungeon (3/15)

Altars:

... ....# ♣..8.. ## ##
...... .## ...
..(.#.#########..#....
8..8.(g..##..........>
(...#.g#†.#...........
.....gg♣#.............
♣..8.##..##...........
... ##...........##. .
####<..........
#.......#### #.......#
#.......# #########


You could see 4 gnolls.


Message History

You throw a stone {throwing}. The stone {throwing} misses the bat.
You throw a stone {throwing}.
The stone {throwing} hits the bat but does no damage.
The bat closely misses you.
You thump the bat!
You kill the bat!
Trog accepts your kill.
No target in view!
No target in view!
No target in view!
No target in view!
No target in view!
No target in view!
No target in view!
No target in view!
No target in view!
No target in view!
No target in view!
No target in view!
No target in view!
No target in view!
No target in view!
No target in view!
No target in view!
A gnoll comes into view. It is wielding a +0 spear.
The gnoll shouts!
You hear a shout! x4
A gnoll comes into view. It is wielding a +0 whip. x2
The gnoll moves out of view.
The gnoll shouts!
You hear a shout!
You see here a bat corpse.
There are monsters nearby!
There are monsters nearby!
There are monsters nearby!
Your line of fire to the gnoll is blocked by a granite statue.
Continue anyway? [Y]es or [N]o only, please.
Your line of fire to the gnoll is blocked by a granite statue.
Continue anyway? [Y]es or [N]o only, please.
Your line of fire to the gnoll is blocked by a granite statue.
Continue anyway? [Y]es or [N]o only, please.
Your line of fire to the gnoll is blocked by a granite statue.
Continue anyway? [Y]es or [N]o only, please.
Your line of fire to the gnoll is blocked by a granite statue.
Continue anyway? [Y]es or [N]o only, please.
Your line of fire to the gnoll is blocked by a granite statue.
Continue anyway? [Y]es or [N]o only, please.
Your line of fire to the gnoll is blocked by a granite statue.
Continue anyway? [Y]es or [N]o only, please.
Your line of fire to the gnoll is blocked by a granite statue.
Continue anyway? [Y]es or [N]o only, please.
Your line of fire to the gnoll is blocked by a granite statue.
Continue anyway?
Okay, then.
You throw a stone {throwing}.
The stone {throwing} closely misses the gnoll.
A gnoll comes into view. It is wielding a +0 whip.
You throw a stone {throwing}.
The stone {throwing} hits the gnoll but does no damage.
You barely miss the gnoll.
The gnoll throws a throwing net.
The throwing net hits you.
You become entangled in the net!
The gnoll hits you with a +0 whip.
The gnoll hits you from afar with a +0 spear. 😮 HP[-8]
You take 8 damage, and now have 21/29 hp.
MASSIVE DAMAGE!! (PAUSE) Unknown command.
Unknown command.
You struggle against the net.
The gnoll hits you but does no damage. x2
You struggle against the net.
The gnoll hits you with a +0 whip!
* * * LOW HITPOINT WARNING * * *
The gnoll barely misses you. 😨 HP[-7]
You take 7 damage, and now have 14/29 hp.
MASSIVE DAMAGE!! (PAUSE) Unknown command.
Unknown command.
You struggle against the net.
The gnoll completely misses you. The gnoll hits you with a +0 whip!
* * * LOW HITPOINT WARNING * * *
The gnoll hits you from afar with a +0 spear.
* * * LOW HITPOINT WARNING * * *
😱 HP[-10]
You take 10 damage, and now have 4/29 hp.
MASSIVE DAMAGE!! (PAUSE)
Okay, then.
Really quaff
h - a potion of lignification {!q}?
Really quaff the potion of lignification?
You turn into a tree.
Your +2 pair of gloves melds into your body.
Your +0 chain mail melds into your body.
Your roots penetrate the ground.
The net rips apart!
The gnoll hits you with a +0 whip.
* * * LOW HITPOINT WARNING * * *
The gnoll hits you but does no damage. x2 😱 HP[-3]
You now have 43 max hp (+14).
Unknown command.
Unknown command.
You fail to use your ability.
The gnoll hits you with a +0 whip.
You die...

Skill      XL: |  1  2  3 |
---------------+----------+-----
Maces & Flails | 3 4 |  4.3
Fighting       | |  3.0
Armour         | |  1.7
Dodging        | |  1.7

Action                   || total
-------------------------++-------
Melee: Mace              ||   122
Throw: Stone             ||    24
Invok: Berserk           ||     2
  Use: Potion            ||     6
Armor: Animal skin       ||     4
       Skin              ||    38
       Chain mail        ||    53
Dodge: Dodged            ||    53

Levels and vault maps discovered:
D:1:      amcnicky_arrival_gap_in_the_tavern_cellar, layout_basic
D:2:      layout_rooms
D:3:      layout_rooms, hellmonk_ecumenical_altar_arch_garden,
          portal_sewer_entry_a, minmay_bisected, uniq_robin

Notes
Turn   | Place    | Note
-------+----------+-------------------------------------------
     0 | D:1      | spaghetti the Demonspawn Berserker began the quest for the
                  | Orb.
     0 | D:1      | Reached XP level 1. HP: 18/18 MP: 1/1
     0 | D:1      | magus.rc [v1.9.6]
   292 | D:1      | HP: 6/27 [hobgoblin (4)]
   294 | D:1      | Reached skill level 3 in Maces & Flails
   543 | D:1      | Gained mutation: You sometimes gain a little power by
                  | taking damage. [demonic ancestry]
   543 | D:1      | Reached XP level 2. HP: 24/24 MP: 2/2
   859 | D:2      | HP: 6/24 [poisoned by an adder]
   888 | D:2      | Reached XP level 3. HP: 14/29 MP: 3/3
  1403 | D:2      | Reached skill level 4 in Maces & Flails
  1627 | D:2      | Reached ** piety under Trog
  1780 | D:3      | HP: 7/29 [gnoll/+0 whip (7)]
  1781 | D:3      | HP: 1/43 [gnoll/+0 whip (6)]
  1782 | D:3      | Slain by a gnoll

Vanquished Creatures
  3 adders (D:2)
  A worm (D:2)
  2 endoplasms
  A giant cockroach (D:2)
  2 goblins (D:2)
  4 hobgoblins
  3 jackals (D:2)
  3 ball pythons (D:2)
  3 bats
  3 frilled lizards
  A kobold (D:1)
  3 rats
29 creatures vanquished.

Table legend:
 A = Non-vault XP
 B = Vault XP
 C = Vault XP percentage of total XP
 D = Non-vault monster count
 E = Vault monster count
 F = Vault count percentage of total count
                 A         B        C        D         E       F
            +---------+---------+-------+---------+---------+-------
      Total |      83 |       0 |   0.0 |      29 |       0 |   0.0
            +---------+---------+-------+---------+---------+-------
        D:1 |      12 |       0 |   0.0 |       8 |       0 |   0.0
        D:2 |      70 |       0 |   0.0 |      20 |       0 |   0.0
        D:3 |       1 |       0 |   0.0 |       1 |       0 |   0.0
            +---------+---------+-------+---------+---------+-------

Illustrated notes

Table legend:
 A = Kills in this place as a percentage of kills in entire the game.
 B = Kills by you in this place as a percentage of kills by you in the entire game.
 C = Kills by friends in this place as a percentage of kills by friends in the entire game.
 D = Other kills in this place as a percentage of other kills in the entire game.
 E = Experience gained in this place as a percentage of experience gained in the entire game.
 F = Experience gained in this place divided by the number of levels of this place that you have seen.
                   A       B       C       D       E      F
               +-------+-------+-------+-------+-------+----------------------
         Total | 100.0 | 100.0 |   N/A |   N/A | 100.0 |  27.7
       Dungeon | 100.0 | 100.0 |   N/A |   N/A | 100.0 |  27.7
               +-------+-------+-------+-------+-------+----------------------

Table legend: (Time is in decaauts)
 A = Elapsed time spent in this place.
 B = Non-inter-level travel time spent in this place.
 C = Inter-level travel time spent in this place.
 D = Time resting spent in this place.
 E = Time spent auto-exploring this place.
 F = Levels seen in this place.
 G = Mean time per level.
                   A        B        C        D        E       F      G
               +--------+--------+--------+--------+--------+-----+--------+
         Total |   1824 |   1725 |     99 |    524 |    907 |   3 |  608.0 |
       Dungeon |   1824 |   1725 |     99 |    524 |    907 |   3 |  608.0 |
               +--------+--------+--------+--------+--------+-----+--------+

Top non-repeatable levels by time:
     D:2: 954 daAuts
     D:1: 846 daAuts
     D:3: 23 daAuts
